 Dungeon Crawl Stone Soup version 0.20-a0-1127-g1289703 (webtiles) character file.

34 HAL9000 the Slasher (level 3, 0/23 HPs)
             Began as a Gargoyle Berserker on May 17, 2017.
             Was a Believer of Trog.
             Slain by Sigmund
             ... wielding a +0 scythe
              (1 damage)
             ... on level 2 of the Dungeon on May 18, 2017.
             The game lasted 00:02:43 (1111 turns).

HAL9000 the Slasher (Gargoyle Berserker)            Turns: 1111, Time: 00:02:44

Health: 0/23       AC: 15    Str: 19 (21) XL:     3   Next: 31%
Magic:  3/3        EV:  6    Int:  6 (7)  God:    Trog [**....]
Gold:   30         SH:  0    Dex:  7 (9)  Spells: 2/2 levels left

rFire    . . .     SeeInvis .   a - +0 falchion
rCold    . . .     Gourm    .   (no shield)
rNeg     + . .     Faith    .   j - +0 plate armour (curse)
rPois    ∞         Spirit   .   (no helmet)
rElec    +         Reflect  .   f - +0 cloak
rCorr    .         Harm     .   (no gloves)
MR       .....                  (no boots)
Stlth    ..........             (no amulet)
Regen    0.1/turn               (no ring)
MPRegen  0.1/turn               (no ring)

@: slowed, very slow
A: negative energy resistance 1, electricity resistance, unbreathing,
petrification resistance, rot immunity, AC +3
a: Berserk, Trog's Hand, Burn Spellbooks, Renounce Religion


You were on level 2 of the Dungeon.
You worshipped Trog.
Trog was pleased with you.
You were near starving.

You visited 1 branch of the dungeon, and saw 2 of its levels.

You collected 30 gold pieces.

Inventory:

Hand Weapons
 a - a +0 falchion (weapon)
Armour
 b - a +0 animal skin
 f - a +0 cloak (worn)
 j - a cursed +0 plate armour (worn)
Scrolls
 e - 2 scrolls of recharging {unknown}
 g - a scroll of enchant armour {unknown}
Potions
 m - a potion of curing {unknown}
 n - a potion of lignification {unknown}
Comestibles
 c - 3 bread rations
 d - 2 royal jellies
 h - 3 fruits
 l - a meat ration


   Skills:
 - Level 3.2 Fighting
 + Level 3.9 Long Blades
 - Level 2.1 Armour
 - Level 1.5 Dodging


You had 2 spell levels left.
You didn't know any spells.

Dungeon Overview and Level Annotations

Branches:
Dungeon (2/15)

Altars:

Annotations:
D:2 Sigmund


Innate Abilities, Weirdness & Mutations

You are resistant to torment.
Your stone body is resilient. (AC +3)
You are immune to poison.
You resist negative energy. (rN+)
You are resistant to electric shocks. (rElec)
You can survive without breathing.
You are immune to petrification.
You are immune to rotting.


Message History

You're too confused to move!
You feel less confused. Something hits you but does no damage.
You hit something.
You hear some strange, mumbled words.
A puff of flame appears from out of thin air!
The puff of flame hits you!
You closely miss something. Something hits you but does no damage.
You barely miss something. Something hits you!
* * * LOW HITPOINT WARNING * * *
Okay, then.
It was a potion of degeneration.
There was something very wrong with that liquid.
You feel weakened.
You feel dopey.
You feel clumsy.
You hear some strange, mumbled words.
A magic dart appears from out of thin air!
The magic dart hits you!
* * * LOW HITPOINT WARNING * * *
Something hits you.
You die...

.......#
#....#.....#.
.....###
#...)........
.....#
####.#.....##
.....#
#...###+###
###### #.#.#
####...#
##......#
#.......#
#....@..#
#....{..#
#.......#
#.......#
..........#
...........#
..#......<..
.###########.
##


There were no monsters in sight!

Vanquished Creatures
  A leopard gecko (D:1)
  3 giant cockroaches (D:1)
  5 goblins
  3 hobgoblins
  2 jackals (D:1)
  A quokka (D:1)
  3 bats
  4 kobolds (D:1)
  8 rats (D:1)
30 creatures vanquished.

Notes
Turn   | Place    | Note
-------+----------+-------------------------------------------
     0 | D:1      | HAL9000 the Gargoyle Berserker began the quest for the Orb.
     0 | D:1      | Reached XP level 1. HP: 14/14 MP: 1/1
     0 | D:1      | Upgraded the game from 0.20-a0-1126-g0f15420 to 0.20-a0-1127-g1289703
   122 | D:1      | Reached XP level 2. HP: 16/19 MP: 2/2
   612 | D:1      | Reached ** piety under Trog
   617 | D:1      | Reached XP level 3. HP: 23/23 MP: 3/3
  1083 | D:2      | Noticed Sigmund
  1111 | D:2      | HP: 1/23 [something/magic dart (5)]
  1111 | D:2      | Slain by Sigmund

Vault maps used:
D:1:      onia_arrival_larder, minmay_misc_feat_roman
D:2:      kennysheep_the_goblin_king, grunt_temple_overflow_holy_war,
          minitemple, uniq_sigmund

Skill      XL: |  1 |
---------------+----+-----
Long Blades    | 3 |  3.9
Fighting       | |  3.2
Armour         | |  2.1
Dodging        | |  1.5

Action                   || total
-------------------------++-------
Melee: Falchion          ||    92
Invok: Berserk           ||     1
  Use: Potion            ||     1
Armor: Animal skin       ||    14
       Plate armour      ||    32
Dodge: Dodged            ||    43
       Rpst.: Falchion   ||    13
